 Dungeon Crawl Stone Soup version 0.17.0-9-g801d43b (webtiles) character file.

149 oplop the Sneak (level 5, -6/28 HPs)
             Began as a Vine Stalker Assassin on Nov 9, 2015.
             Was an Initiate of Ru.
             Mangled by hadoken's ghost (18 damage)
             ... on level 3 of the Dungeon.
             The game lasted 00:04:00 (1772 turns).

oplop the Sneak (Vine Stalker Assassin)             Turns: 1772, Time: 00:04:01

Health: -6/28      AC:  4    Str: 15    XL:     5   Next: 31%
Magic:  0/6        EV: 11    Int: 11    God:    Ru [......]
Gold:   87         SH:  0    Dex: 15    Spells: 0 memorised, 4 levels left

rFire  . . .     SeeInvis .     a - +2 dagger
rCold  . . .     Clarity  .     c - +0 robe
rNeg   . . .     SustAt   .     (no shield)
rPois  .         Gourm    .     (no helmet)
rElec  .         Spirit   +     d - +0 cloak
rCorr  .         Warding  .     j - +0 pair of gloves
rMut   .         Stasis   .     (no boots)
MR     .....                    (no amulet)
Stlth  +++.......               (no ring)
                                (no ring)

@: not resistant to hostile enchantments, fairly stealthy
A: fangs 2, regeneration 1, magic shield, antimagic bite, no device heal 3, rot
immunity
a: Renounce Religion


You were on level 3 of the Dungeon.
You worshipped Ru.
Ru was noncommittal.
You were not hungry.

You visited 1 branch of the dungeon, and saw 3 of its levels.

You collected 87 gold pieces.

Inventory:

Hand Weapons
 a - a +2 dagger (weapon)
 b - a +0 blowgun
Missiles
 e - 7 poisoned needles
 f - a curare-tipped needle
Armour
 c - a +0 robe (worn)
 d - a +0 cloak (worn)
 j - a +0 pair of gloves (worn)
Wands
 l - a wand of fire (7)
Scrolls
 m - 3 scrolls of remove curse
 n - 3 scrolls of fog
Potions
 k - a potion of curing
 o - a potion of ambrosia
Comestibles
 g - a bread ration
 h - 3 meat rations


   Skills:
 + Level 2.9 Fighting
 + Level 3.1 Short Blades
 - Level 1.7 Throwing
 - Level 0.7 Dodging
 + Level 6.3 Stealth


You had 4 spell levels left.
You didn't know any spells.

Dungeon Overview and Level Annotations

Branches:
Dungeon (3/15)

Altars:
Makhleb
Ru
Xom

Annotations:
D:3 Jessica; hadoken's ghost, weakling OpCj


Innate Abilities, Weirdness & Mutations

You have extremely sharp teeth.
Your natural rate of healing is unusually fast.
When hurt, damage is shared between your health and your magic reserves.
Your bite disrupts and absorbs the magic of your enemies.
Potions and wands cannot restore your health.
You are immune to rotting.


Message History

Okay, then.
You climb downwards.
Level annotation: Jessica; hadoken's ghost, weakling OpCj
There is a stone staircase leading up here.
Hadoken's ghost casts a spell at you. The magic dart hits you!
Hadoken's ghost stares at you and mumbles some strange words.
The magic dart hits you! Hadoken's ghost closely misses you.
You barely miss hadoken's ghost. Hadoken's ghost casts a spell at you.
The magic dart hits you!
You closely miss hadoken's ghost.
The orc priest shouts!
Your bite misses hadoken's ghost. Hadoken's ghost hits you.
You hit hadoken's ghost. Your bite misses hadoken's ghost.
Hadoken's ghost is lightly damaged.
Hadoken's ghost hits you.
You are electrocuted!
Ouch! That really hurt!
You die...

#.##.# #.# #...(....... #.##.#
#.# #........... #.##.# #.#
#..o.......# #### #.##.#
#.###..........# ...#
#.##.#####...............
##.####.##.##......#.........#.
....>...##.##.#####............
.#.####....##.######.#.#.#..###
........##......@Wso........#
.##################..#.#.#..#
## #........# ##.#.#.#.#
#..s....# #########


You could see an orc priest, hadoken's ghost and a giant cockroach.

Vanquished Creatures
  An orc wizard (D:2)
  3 gnolls (D:2)
  3 adders (D:2)
  An orc (D:2)
  6 bats
  A giant cockroach (D:1)
  5 goblins
  6 hobgoblins
  16 jackals
  2 quokkas (D:2)
  3 giant geckos (D:1)
  2 giant newts (D:1)
  8 kobolds
  4 rats
61 creatures vanquished.

Notes
Turn   | Place    | Note
--------------------------------------------------------------
     0 | D:1      | oplop the Vine Stalker Assassin began the quest for the Orb.
     0 | D:1      | Reached XP level 1. HP: 11/11 MP: 2/2
    37 | D:1      | Reached skill level 5 in Stealth
    58 | D:1      | Reached XP level 2. HP: 15/15 MP: 3/3
   412 | D:1      | Reached XP level 3. HP: 18/18 MP: 4/4
   780 | D:2      | Found a sacrificial altar of Ru.
   812 | D:2      | Reached XP level 4. HP: 3/23 MP: 0/5
   909 | D:2      | Became a worshipper of Ru the Awakened
  1014 | D:2      | Reached skill level 6 in Stealth
  1149 | D:2      | Reached XP level 5. HP: 19/28 MP: 4/6
  1244 | D:2      | Found a burning altar of Makhleb.
  1244 | D:2      | Found a shimmering altar of Xom.
  1473 | D:3      | Noticed hadoken's ghost (weakling OpCj)
  1563 | D:3      | Noticed Jessica
  1772 | D:3      | Mangled by hadoken's ghost

Action                   |  1- 3 |  4- 6 || total
-------------------------+-------+-------++-------
Melee: Dagger            |    93 |    85 ||   178
 Fire: Blowgun           |     1 |    16 ||    17
  Use: Scroll            |       |     4 ||     4
 Stab: Sleeping          |     8 |     5 ||    13
       Paralysed         |       |     1 ||     1
  Eat: Chunk             |       |     3 ||     3
